 Dungeon Crawl Stone Soup version 0.32-a0-19-g28bc0835a1 (webtiles) character file.

Game seed: 2817876556083327136

4859 TheCowGoesMoo the Slicer (level 10, -5/55 HPs)
             Began as a Vine Stalker Brigand on Jan 18, 2024.
             Was an Elder of Uskayaw.
             Shot with an arrow by a centaur warrior (21 damage)
             ... on level 9 of the Dungeon.
             The game lasted 00:16:45 (6228 turns).

TheCowGoesMoo the Slicer (Vine Stalker Brigand)     Turns: 6228, Time: 00:16:46

Health: -5/55      AC:  5    Str: 14    XL:     10   Next: 50%
Magic:  0/16       EV: 11    Int: 13    God:    Uskayaw [****..]
Gold:   443        SH:  0    Dex: 23    Spells: 9/9 levels left

rFire   + . .        p - +6 whip "Lyebbia" {spect, Int+2 Dex+3 SInv}
rCold   . . .        g - orb {*Rage}
rNeg    . . .        f - +0 leather armour
rPois   .            i - +0 helmet
rElec   .            c - +0 cloak
rCorr   .            (no gloves)
SInv    +            (no boots)
Will    +....        (no amulet)
Stlth   ++++         F - ring of protection from fire
HPRegen 1.09/turn    Y - +4 ring of slaying
MPRegen 0.15/turn

%: random rage (20%), guardian spirit
@: on berserk cooldown, slowed, very slow
A: fangs 3, regeneration 1, magic shield, antimagic bite, no potion heal 2
a: Renounce Religion, Stomp, Line Pass


You were on level 9 of the Dungeon.
You worshipped Uskayaw.
Uskayaw was noncommittal.
You visited 1 branch of the dungeon, and saw 9 of its levels.

You collected 520 gold pieces.
You spent 77 gold pieces at shops.

Inventory:

Hand Weapons
 a - a +2 dagger
 p - the +6 whip "Lyebbia" (weapon) {spect, Int+2 Dex+3 SInv}
   (You found it on level 2 of the Dungeon)

   Int+2:     It affects your intelligence (+2).
   Dex+3:     It affects your dexterity (+3).
   SInv:      It lets you see invisible.
 B - the +10 sling of Guheuzogg {heavy, rN+ rCorr Str+3 Dex-5}
   (You found it on level 4 of the Dungeon)

   Str+3:     It affects your strength (+3).
   Dex-5:     It affects your dexterity (-5).
   rN+:       It protects you from negative energy.
   rCorr:     It protects you from acid and corrosion.
 G - the +0 flail "Uddad" {vamp, rF+}
   (You took it off an orc on level 6 of the Dungeon)

   rF+:       It protects you from fire.
 R - a +2 dagger of distortion {!w}
Missiles
 d - 18 poisoned darts (quivered)
 e - 3 curare-tipped darts {=f}
Armour
 b - a +0 robe
 c - a +0 cloak (worn)
 f - a +0 leather armour (worn)
 g - an orb of wrath (worn)
 i - a +0 helmet (worn)
 P - a +0 pair of gloves
Magical Staves
 m - a staff of air {!a}
 L - a staff of fire {!a}
Jewellery
 F - a ring of protection from fire (left hand)
 Y - a +4 ring of slaying (right hand)
Wands
 n - a wand of polymorph (14)
 r - a wand of flame (17)
 y - a wand of roots (8)
Scrolls
 j - 2 scrolls of brand weapon
 k - 8 scrolls of teleportation {@r4}
 l - a scroll of butterflies
 u - a scroll of enchant weapon
 w - 5 scrolls of fog
 D - 3 scrolls of enchant armour
 E - 2 scrolls of poison {!r}
 H - 2 scrolls of immolation {!r!r}
 I - a scroll of silence {!r!r}
 M - a scroll of amnesia
Potions
 h - a potion of lignification {unknown}
 o - a potion of brilliance {unknown}
 q - 2 potions of degeneration {unknown}
 s - a potion of resistance {unknown}
 t - 2 potions of enlightenment {unknown}
 v - 2 potions of might {unknown}
 x - a potion of haste {unknown}
 z - a potion of magic {unknown}
 A - 7 potions of curing {unknown}
 J - a potion of attraction {unknown}
 K - 2 potions of mutation {unknown}
 N - 2 potions of cancellation {unknown}
 O - a potion of berserk rage {unknown}
 Q - a potion of heal wounds {unknown}


   Skills:
 + Level 7.0 Fighting
 * Level 9.9 Short Blades
 - Level 1.7 Throwing
 - Level 0.7 Dodging
 - Level 7.0 Stealth
 + Level 6.8 Invocations


You had 9 spell levels left.
You didn't know any spells.
Your spell library contained the following spells:

 Spells                   Type           Power      Damage    Failure   Level
 Sting                    Conj/Alch      0%         1d3       36%         1
 Mercury Vapours          Alch/Air       0%         N/A       52%         2
 Olgreb's Toxic Radiance  Alch           0%         N/A       98%         4


Dungeon Overview and Level Annotations

Branches:
Dungeon (9/15)             Temple (0/1) D:7
   Lair: D:8-11         Orc: D:9-12

Altars:
Dithmenos
Hepliaklqana
Makhleb
Nemelex Xobeh
Uskayaw
Xom
The Shining One

Shops:
D:4 ?   D:6 *


Innate Abilities, Weirdness & Mutations

You have razor-sharp teeth.
Your natural rate of healing is unusually fast.
When hurt, damage is shared between your health and your magic reserves.
Your bite disrupts and absorbs the magic of your enemies.
Potions cannot restore your health.


Message History

The arrow barely misses the orc wizard.
The arrow hits the orc.
Unknown command.
You whack the orc wizard! You bite the orc wizard.
You kill the orc wizard!
The centaur warrior shoots an arrow.
The arrow hits you!! The orc hits you with a +0 dagger.
* * * LOW HITPOINT WARNING * * *
The centaur warrior unwields a +0 orcbow.
The centaur warrior hits you!
* * * LOW HITPOINT WARNING * * *
The centaur warrior kicks you.
* * * LOW HITPOINT WARNING * * *
Uskayaw will force your foes to share their pain.
Uskayaw links your audience in an emotional bond!
Unknown command.
You are too injured to fight recklessly!
Unknown command.
You whack the centaur warrior!
You kill the orc!
You bite the centaur warrior. You drain its power.
You feel invigorated. The centaur warrior hits you!
* * * LOW HITPOINT WARNING * * *
The centaur warrior kicks you but does no damage.
A two-headed ogre comes into view. It is wielding two +0 giant clubs.
The orc hits you with a +0 dagger.
* * * LOW HITPOINT WARNING * * *
The centaur warrior hits you but does no damage.
The centaur warrior barely misses you.
Okay, then.
Read: scroll of fear
Press: ? - help, Q - select action, (/) - cycle Dir - look around, f - activate Look: a centaur warrior (moderately wounded, sharing its pain, chance to affect: 90%)
As you read the scroll of fear, it crumbles to dust.
You assume a fearsome visage.
The centaur warrior looks frightened!
The two-headed ogre looks frightened!
The orc looks frightened!
The orc looks frightened! x2
The orc is no longer sharing its pain.
Items here: )) [[ †.
The centaur warrior seems to regain its courage.
The centaur warrior is no longer sharing its pain.
The orc is no longer sharing its pain. x2
Things that are here:
a +0 trident; an orc corpse Unknown command.
A howler monkey comes into view.
The howler monkey howls!
The centaur warrior wields a +0 orcbow.
The centaur warrior shoots an arrow.
The arrow hits you!!
You die...

#......)............
##
#...............c..
#........c.......
#########)##.....
#.# #### #)# #)#
#####)# #...@.#
#........h..
#o.........#
####.o.....#
........# ..o!.....
......#### .....##


You could see a centaur warrior, a howler monkey and 3 orcs.

Vanquished Creatures
  A gargoyle (D:8)
  Psyche (D:8)
  A hornet (D:8)
  A wyvern (D:9)
  A steam dragon (D:8)
  3 water moccasins
  Duvessa (D:6)
  3 orc warriors
  A sky beast (D:6)
  2 ice beasts
  2 ogres
  3 centaurs
  2 phantoms
  Blork the orc (D:5)
  A bullfrog (D:8)
  4 scorpions
  8 wights (D:8)
  Dowan (D:6)
  5 killer bees (D:9)
  6 howler monkeys
  A crimson imp (D:3)
  5 orc priests
  Crazy Yiuf (D:2)
  A bombardier beetle (D:4)
  2 jellies
  2 hounds
  Jessica (D:2)
  A sleepcap (D:6)
  4 iguanas
  15 orc wizards
  4 adders
  A shadow imp (D:6)
  A white imp (D:7)
  6 ufetubi
  3 dart slugs
  A ribbon worm (D:4)
  32 orcs
  5 endoplasms
  2 giant cockroaches
  5 goblins
  5 hobgoblins
  2 quokkas
  7 ball pythons
  6 bats
  3 frilled lizards (D:1)
  6 kobolds
  5 rats
175 creatures vanquished.

Notes
Turn   | Place    | Note
-------+----------+-------------------------------------------
     0 | D:1      | TheCowGoesMoo the Vine Stalker Brigand began the quest for
                  | the Orb.
     0 | D:1      | Reached XP level 1. HP: 11/11 MP: 2/2
    84 | D:1      | Reached skill level 2 in Short Blades
    87 | D:1      | Reached XP level 2. HP: 14/15 MP: 3/3
   449 | D:1      | Reached XP level 3. HP: 18/18 MP: 4/4
   759 | D:2      | Noticed Jessica
   764 | D:2      | Killed Jessica
   894 | D:2      | Reached XP level 4. HP: 23/23 MP: 5/5
  1037 | D:2      | Reached skill level 3 in Short Blades
  1118 | D:2      | Identified the +6 whip "Lyebbia" {spect, Int+2 Dex+3 SInv}
  1374 | D:2      | Found a runed translucent door.
  1375 | D:2      | Noticed Crazy Yiuf
  1388 | D:2      | Killed Crazy Yiuf
  1675 | D:3      | Found a sparkling altar of Nemelex Xobeh.
  1675 | D:3      | Found a glowing golden altar of the Shining One.
  1917 | D:3      | Found a burning altar of Makhleb.
  1918 | D:3      | Found a shimmering altar of Xom.
  1923 | D:3      | Reached XP level 5. HP: 28/28 MP: 4/6
  2149 | D:4      | Found a hide-covered altar of Uskayaw.
  2216 | D:4      | Became a worshipper of Uskayaw the Reveller
  2247 | D:4      | Found Rufysk's Magic Scroll Boutique.
  2252 | D:4      | Bought a scroll of butterflies for 44 gold pieces
  2252 | D:4      | Bought a scroll of teleportation for 33 gold pieces
  2325 | D:4      | Reached * piety under Uskayaw
  2334 | D:4      | Reached skill level 3 in Fighting
  2334 | D:4      | Reached skill level 6 in Stealth
  2334 | D:4      | Reached ** piety under Uskayaw
  2398 | D:4      | Reached XP level 6. HP: 32/32 MP: 7/7
  2403 | D:4      | Identified the +10 sling of Guheuzogg {heavy, rN+ rCorr
                  | Str+3 Dex-5}
  2463 | D:4      | Reached skill level 4 in Short Blades
  2463 | D:4      | Reached skill level 1 in Invocations
  2744 | D:5      | Entered Level 5 of the Dungeon
  2744 | D:5      | Noticed Blork the orc
  2751 | D:5      | Killed Blork the orc
  2794 | D:5      | Reached XP level 7. HP: 36/36 MP: 9/9
  2889 | D:5      | Reached skill level 5 in Short Blades
  3020 | D:5      | Reached *** piety under Uskayaw
  3023 | D:5      | Reached **** piety under Uskayaw
  3487 | D:6      | Gained mutation: You have razor-sharp teeth. [Vine Stalker
                  | growth]
  3487 | D:6      | Reached XP level 8. HP: 41/42 MP: 11/11
  3488 | D:6      | Reached skill level 3 in Invocations
  3515 | D:6      | Noticed Duvessa
  3515 | D:6      | Noticed Dowan
  3526 | D:6      | Killed Duvessa
  3527 | D:6      | Reached skill level 6 in Short Blades
  3531 | D:6      | Killed Dowan
  4120 | D:6      | Identified the +0 flail "Uddad" {vamp, rF+}
  4213 | D:6      | Found Vommaod's Lightly-Used Armoury.
  4309 | D:6      | Reached skill level 7 in Short Blades
  4513 | D:7      | Reached XP level 9. HP: 47/47 MP: 13/13
  4676 | D:7      | Found a staircase to the Ecumenical Temple.
  4933 | D:7      | Reached skill level 8 in Short Blades
  5199 | D:8      | Noticed a gargoyle
  5205 | D:8      | Killed a gargoyle
  5250 | D:8      | Noticed Psyche
  5258 | D:8      | Killed Psyche
  5259 | D:8      | Reached skill level 6 in Fighting
  5447 | D:8      | Reached skill level 6 in Invocations
  5448 | D:8      | Reached skill level 9 in Short Blades
  5448 | D:8      | Reached XP level 10. HP: 44/50 MP: 15/15
  5978 | D:8      | Found a shadowy altar of Dithmenos.
  5979 | D:8      | Found a hazy altar of Hepliaklqana.
  6217 | D:9      | Noticed a centaur warrior
  6224 | D:9      | Noticed a two-headed ogre
  6228 | D:9      | Shot with an arrow by a centaur warrior

Illustrated notes

Levels and vault maps discovered:
D:1:      roderic_crop_circles_arrival_small, layout_loops_cross
D:2:      minmay_spotlight, layout_loops_ring, uniq_crazy_yiuf_cottage,
          uniq_jessica
D:3:      layout_loops_cross, grunt_temple_overflow_champion_of_chaos,
          chequers_temple_overflow_statue_of_worship,
          hangedman_abyss_or_decor_lesser_grid, kennysheep_flooded_box
D:4:      layout_rooms, nicolae_uskayaw_murder_on_the_dancefloor, serial_shops,
          kennysheep_little_box
D:5:      layout_rooms, uniq_blork_the_orc
D:6:      layout_loops_corners, minmay_shop_damaged, uniq_duvessa
D:7:      layout_gridville, minmay_temple_entry_mini_moons,
          grunt_decor_mini_mirrors, kennysheep_small_square
D:8:      layout_basic, riverfiend_overflow_shadow_ancestor, uniq_psyche
D:9:      hangedman_cross_stitches, layout_basic, uniq_erica

Skill      XL: |  1  2  3  4  5  6  7  8  9 10 |
---------------+-------------------------------+-----
Short Blades   | 2 3 4 5 7 9 |  9.9
Stealth        | 5 6 7 |  7.0
Fighting       | 2 3 4 5 6 7 |  7.0
Invocations    | 1 2 4 6 |  6.8
Throwing       | |  1.7
Dodging        | |  0.7

Action                     |  1- 3 |  4- 6 |  7- 9 | 10-12 || total
---------------------------+-------+-------+-------+-------++-------
  Melee: Dagger            |    42 |    23 |       |       ||    65
         Bite              |    10 |    21 |    46 |    15 ||    92
         Whip              |       |    50 |   143 |    55 ||   248
  Throw: Dart              |       |       |    28 |       ||    28
  Evoke: Wand              |       |       |     5 |       ||     5
    Use: Scroll            |       |       |     1 |    10 ||    11
   Stab: Sleeping          |    14 |     8 |     9 |     1 ||    32
         Paralysed         |       |       |     3 |     9 ||    12
         Distracted        |       |       |     1 |       ||     1
 Armour: Leather armour    |    14 |    29 |   110 |    28 ||   181
  Dodge: Dodged            |     6 |    31 |    85 |    14 ||   136

Table legend: (Time is in decaauts)
 A = Elapsed time spent in this place.
 B = Non-inter-level travel time spent in this place.
 C = Inter-level travel time spent in this place.
 D = Time resting spent in this place.
 E = Time spent auto-exploring this place.
 F = Levels seen in this place.
 G = Mean time per level.
                   A        B        C        D        E       F      G
               +--------+--------+--------+--------+--------+-----+--------+
         Total |   6605 |   6091 |    514 |    615 |   4463 |   9 |  733.9 |
       Dungeon |   6605 |   6091 |    514 |    615 |   4463 |   9 |  733.9 |
               +--------+--------+--------+--------+--------+-----+--------+

Top non-repeatable levels by time:
     D:6: 1258 daAuts
     D:8: 978 daAuts
     D:7: 794 daAuts
     D:1: 740 daAuts
     D:3: 730 daAuts
     D:2: 710 daAuts
     D:4: 704 daAuts
     D:5: 554 daAuts
     D:9: 134 daAuts
